Map: World of Sleepers LE

Players

pHARM

  • Race: Zerg Zerg
  • League: Platinum
  • Spawn Location: 1:00

EpickOne - Winner!

  • Race: Terran Terran
  • League: Platinum
  • Spawn Location: 7:00

VOD

Have the link to the VOD?

Description

Time

  • Played on: Sept. 30, 2019, 5:21 p.m.
  • Length: 17:19
Show
View Real Time Build Order
Export as new Build Order

pHARM Zerg 

Build Orders: Hatch First 

Get SALT Encoding   

  12  0:00  Drone  
  13  0:16  Overlord  
  13  0:28  Drone  
  13  0:34  Drone x2  
  16  0:45  Drone  
  17  0:57  Drone  
  18  1:14  Drone x2  
  18  1:17  Hatchery  
  19  1:24  Spawning Pool  
  18  1:26  Drone  
  18  1:30  Extractor  
  18  1:35  Drone  
  19  1:46  Drone  
  20  1:57  Drone  
  21  2:20  Drone  
  21  2:22  Overlord  
  22  2:28  Queen  
  22  2:29  Metabolic Boost  
  24  2:31  Queen  
  26  2:47  Zergling x6  
  25  3:18  Zergling x4, Drone x4  
  31  3:40  Drone x2  
  33  3:55  Pneumatized Carapace  
  33  3:58  Drone x3  
  33  4:00  Overlord  
  33  4:01  Overlord x2  
  31  4:25  Drone x5  
  31  4:29  Queen  
  38  5:01  Roach Warren  
  38  5:04  Evolution Chamber  
  36  5:07  Evolution Chamber  
  36  5:13  Drone  
  36  5:14  Drone x11  
  47  5:30  Drone  
  47  5:31  Drone x2  
  50  5:41  Extractor  
  49  5:44  Lair  
  49  5:59  Extractor  
  49  6:01  Extractor  
  47  6:12  Hatchery  
  46  6:36  Roach x3  
  46  6:37  Overlord x5  
  52  6:58  Roach  
  52  6:59  Roach x9  
  72  7:02  Zerg Missile Weapons Level 1  
  72  7:13  Hydralisk Den  
  72  7:14  Infestation Pit  
  70  7:32  Drone x2  
  70  7:33  Drone x5  
  77  7:45  Drone x8  
  85  7:54  Glial Reconstitution  
  85  7:57  Spine Crawler  
  84  7:59  Spine Crawler  
  83  8:05  Zerg Ground Armor Level 1  
  83  8:14  Queen  
  83  8:17  Grooved Spines  
  85  8:21  Pathogen Glands  
  85  8:24  Drone x5  
  86  8:49  Extractor  
  86  8:52  Extractor  
  86  9:01  Hive  
  84  9:08  Zerg Missile Weapons Level 2  
  84  9:13  Roach x3  
  84  9:14  Overlord x8  
  84  9:15  Overlord x2  
  90  9:17  Neural Parasite  
  90  9:28  Muscular Augments  
  90  9:38  Drone x2  
  90  9:39  Drone x2  
  90  9:44  Drone x3  
  97  9:46  Drone  
  98  9:58  Roach x10  
  118  10:07  Hatchery  
  117  10:17  Spire  
  116  10:52  Hatchery  
  115  11:02  Hydralisk x2  
  115  11:03  Hydralisk x12  
  143  11:27  Drone x11  
  143  11:30  Extractor  
  153  11:32  Extractor  
  153  11:36  Greater Spire  
  152  11:42  Zerg Ground Armor Level 2  
  152  11:43  Zerg Missile Weapons Level 3  
  152  11:56  Roach x8  
  152  11:57  Roach x4  
  176  12:17  Spine Crawler  
  176  12:19  Spine Crawler  
  176  12:22  Drone x3  
  177  12:23  Drone x5  
  118  13:00  Roach x5  
  118  13:01  Roach x15  
  158  13:32  Zerg Flyer Armor Level 1  
  158  13:41  Ultralisk Cavern  
  157  13:44  Hydralisk x12  
  157  13:46  Overlord  
  157  13:47  Overlord x2  
  181  14:27  Corruptor x9  
  145  14:45  Corruptor x17  
  133  15:04  Brood Lord  
  133  15:05  Brood Lord x2  
  139  15:09  Zergling x22  
  150  15:36  Zergling x28  
  164  16:04  Zergling x26  
  144  16:05  Zergling x16  
  154  16:20  Zergling x22  
  165  16:30  Brood Lord x8  
  139  16:49  Roach x11  
  139  16:50  Roach x6  
  151  17:00  Roach  
Show
View Real Time Build Order
Export as new Build Order

EpickOne Terran - Winner!

Build Orders: Gas First Reaper Expand, Mech 

Get SALT Encoding   

  12  0:01  SCV  
  13  0:16  SCV, Supply Depot  
  14  0:26  Refinery  
  14  0:28  SCV  
  15  0:42  Barracks  
  15  0:45  SCV  
  16  0:58  SCV  
  17  1:10  SCV  
  18  1:22  SCV  
  19  1:32  Reaper  
  20  1:37  Orbital Command  
  20  1:46  Command Center  
  20  2:00  Factory  
  20  2:02  SCV  
  21  2:10  Supply Depot  
  21  2:14  SCV  
  22  2:16  Barracks Reactor  
  22  2:26  SCV, Refinery  
  23  2:38  SCV  
  24  2:51  SCV  
  25  2:57  SCV  
  26  3:11  Orbital Command  
  25  3:31  Bunker, Hellion x2  
  29  3:38  SCV  
  29  3:39  Starport  
  30  3:42  SCV  
  31  3:50  SCV, Supply Depot  
  31  3:55  SCV, Hellion x2  
  37  3:56  Supply Depot  
  37  4:01  Barracks Tech Lab  
  37  4:02  SCV  
  38  4:07  SCV  
  38  4:08  Factory  
  39  4:13  Supply Depot  
  36  4:26  SCV x2  
  36  4:30  Marine  
  39  4:35  Viking  
  42  4:38  SCV x2  
  42  4:42  Hellion  
  42  4:43  Hellion  
  47  4:50  SCV  
  48  4:54  Refinery  
  48  4:56  SCV  
  48  4:57  Refinery  
  49  5:00  Supply Depot  
  49  5:02  SCV  
  50  5:08  SCV  
  51  5:14  SCV  
  51  5:20  SCV  
  53  5:22  Supply Depot  
  53  5:23  Command Center  
  53  5:27  SCV  
  54  5:30  Medivac  
  54  5:33  SCV  
  57  5:39  SCV, Engineering Bay  
  57  5:42  Armory x2  
  58  5:43  Hellion  
  58  5:44  Siege Tank, Hellion  
  58  5:45  SCV  
  66  5:51  SCV  
  68  5:57  SCV  
  68  6:00  Medivac  
  68  6:02  Command Center  
  70  6:16  Siege Tank  
  70  6:18  Hellion x2  
  77  6:21  Marine  
  78  6:37  Terran Vehicle Weapons Level 1  
  78  6:38  Terran Vehicle And Ship Armor Level 1  
  78  6:39  Hellion  
  80  6:46  Hellion  
  82  6:48  Siege Tank  
  82  6:49  Marine  
  86  6:55  Factory x2  
  86  7:01  Hellion  
  88  7:07  Hellion  
  90  7:12  Missile Turret  
  90  7:16  Missile Turret  
  90  7:19  Missile Turret  
  90  7:20  Siege Tank  
  93  7:24  Missile Turret  
  93  7:27  Missile Turret  
  93  7:31  Orbital Command  
  93  7:34  Orbital Command  
  93  7:42  Supply Depot  
  93  7:43  Supply Depot  
  93  7:45  SCV, Supply Depot  
  93  7:47  Missile Turret x2  
  94  7:51  Barracks Tech Lab  
  94  8:01  Factory Tech Lab x2  
  96  8:05  Hellion  
  96  8:06  Supply Depot, Hellion  
  96  8:07  Missile Turret  
  96  8:08  SCV x2  
  96  8:09  Supply Depot  
  96  8:10  Supply Depot  
  96  8:11  Siege Tank  
  103  8:15  Starport Reactor  
  94  8:43  Hellion  
  94  8:47  SCV x2  
  98  8:49  Siege Tank, Sensor Tower  
  98  8:51  Hellion x2  
  105  8:57  SCV  
  105  9:01  Refinery  
  106  9:05  Hellion  
  108  9:11  SCV x2  
  108  9:14  Refinery  
  110  9:26  Siege Tank  
  110  9:28  Thor x2  
  110  9:30  Hellion x2  
  129  9:34  Infernal Pre-Igniter  
  129  9:37  Terran Vehicle Weapons Level 2  
  129  9:38  Terran Vehicle And Ship Armor Level 2  
  129  9:51  Hellion x2  
  133  9:58  Thor  
  139  10:11  Thor x2  
  139  10:12  Hellion x2  
  155  10:21  Sensor Tower  
  155  10:24  Orbital Command, Medivac x2  
  159  10:34  Hellion x2  
  163  10:51  Missile Turret  
  163  10:52  Drilling Claws  
  163  10:55  Missile Turret  
  163  11:17  SCV  
  164  11:32  Supply Depot  
  164  11:34  Supply Depot  
  164  11:37  Supply Depot  
  164  11:43  Liberator x2  
  164  11:54  SCV x3, Hellion x2  
  171  11:56  Hellion x3  
  171  11:57  Supply Depot, Terran Vehicle Weapons Level 3  
  171  11:58  Terran Vehicle And Ship Armor Level 3  
  171  11:59  Supply Depot  
  183  12:11  Smart Servos  
  183  12:16  Unknown, Missile Turret  
  183  12:17  Hellion x2  
  183  12:18  SCV, Thor  
  183  12:19  SCV  
  183  12:22  Hellion  
  197  12:26  Liberator  
  197  12:35  Supply Depot  
  197  12:38  Hellion, Missile Turret  
  197  12:39  Missile Turret  
  197  12:42  Missile Turret  
  196  12:44  Thor  
  196  12:46  Missile Turret  
  164  13:00  Thor  
  164  13:01  Thor, Missile Turret  
  164  13:03  Missile Turret  
  174  13:13  Hellion x2  
  174  13:18  Liberator x2  
  178  13:27  Siege Tank  
  181  13:34  Hellion x2  
  181  13:37  Command Center  
  191  13:43  Neosteel Armor, Thor  
  197  13:49  Hellion  
  160  14:45  Hellion x3, Thor x2  
  164  15:06  Hellion x2, Thor  
  174  15:08  Liberator x2  
  174  15:23  Hi-Sec Auto Tracking  
  174  15:27  Hellion, Thor  
  174  15:28  Siege Tank, Hellion  
  193  15:36  Fusion Core  
  193  15:37  Refinery  
  193  15:41  Planetary Fortress  
  193  15:42  Refinery  
  193  15:49  Thor  
  181  16:25  Hellion  
  181  16:26  Hellion x2, Thor  
Tags
 
Add a new tag
Caveats
  • Supply blocks, unpowered buildings, or Contaminate may cause inaccurate times.
  • Supply counts are checked every 10 seconds.